 Dungeon Sprint DCSS version 0.27-a0-223-ge082b6e869 (webtiles) character file.

Game seed: 8867678774412984606

155937 mhtbhm the Axe Maniac (level 17, -12/191 HPs)
             Began as a Minotaur Fighter on Feb 2, 2021.
             Was the Champion of Trog.
             Mangled by Antaeus (38 damage)
             ... in the Dungeon (Sprint VII: "The Pits").
             The game lasted 00:23:34 (9722 turns).

mhtbhm the Axe Maniac (Minotaur Fighter)            Turns: 9722, Time: 00:23:36

Health: -12/191    AC: 35    Str: 25    XL:     17   Next: 9%
Magic:  16/16      EV: 18    Int:  5    God:    Trog [******]
Gold:   57         SH: 29    Dex: 13    Spells: 16/16 levels left

rFire    . . .     SeeInvis +   a - +4 broad axe (flame)
rCold    . . .     Faith    .   c - +2 tower shield
rNeg     + . .     Spirit   .   b - +6 storm dragon scales
rPois    .         Reflect  .   (helmet restricted)
rElec    +         Harm     .   J - +1 cloak
rCorr    .         Rampage  .   q - +0 pair of gloves
Will     +....     NoTele   +   A - +0 pair of boots {Stlth+}
Stlth    +++.......             (no amulet)
HPRegen  0.41/turn              z - ring of positive energy
MPRegen  0.15/turn              u - ring of see invisible

@: berserk cooldown, slowed, very slow
A: retaliatory headbutt, horns 2
a: Renounce Religion, Berserk, Trog's Hand, Brothers in Arms


You were in the Dungeon.
You worshipped Trog.
Trog was exalted by your worship.
You visited 1 branch You collected 57 gold pieces.

Inventory:

Hand Weapons
 a - a +4 broad axe of flaming (weapon)
 k - a +7 executioner's axe
 p - a +4 antimagic broad axe
 v - a +9 broad axe
 B - the +9 dire flail "Zippaot" {vamp, rC+ Str+9}
   (You found it in the Dungeon)

   It inflicts no extra harm, but heals its wielder when it wounds a living foe.
   It affects your strength (+9).
   It protects you from cold.
 I - a +4 eudemon blade of holy wrath
Missiles
 F - 4 curare-tipped darts (quivered)
 H - 11 silver javelins
Armour
 b - +6 storm dragon scales (worn)
 c - a +2 tower shield (worn)
 n - a +3 plate armour of poison resistance
 q - a +0 pair of gloves (worn)
 A - a +0 pair of boots of stealth (worn)
 J - a +1 cloak (worn)
Jewellery
 o - a +3 ring of protection
 u - a ring of see invisible (right hand)
 z - a ring of positive energy (left hand)
 C - the ring of Sashriba {Ice Str+4}
   (You found it in the Dungeon)

   [ring of ice]

   It enhances your ice magic.
   It affects your strength (+4).
   It makes you vulnerable to fire.
   It protects you from cold.
Wands
 s - a wand of random effects (7)
Scrolls
 l - 4 scrolls of remove curse
 m - a scroll of summoning
 w - 6 scrolls of enchant weapon
 x - 2 scrolls of enchant armour
Potions
 d - 4 potions of might
 e - 5 potions of curing
 g - 5 potions of haste
 h - 4 potions of magic
 i - 3 potions of berserk rage
 E - a potion of cancellation
Miscellaneous
 D - a box of beasts
 G - a box of beasts


   Skills:
 O Level 27 Fighting
 O Level 27 Axes
 * Level 14.0 Throwing
 O Level 27 Armour
 + Level 16.2 Dodging
 - Level 11.9 Stealth
 O Level 27 Shields
 + Level 1.1 Evocations


You had 16 spell levels left.
You didn't know any spells.
Your spell library was empty.

Dungeon Overview and Level Annotations

Branches:
Dungeon (1/1)

Altars:
Cheibriados
Dithmenos
Elyvilon
Fedhas
Gozag
Hepliaklqana
Makhleb
Nemelex Xobeh
Okawaru
Qazlal
Ru
Sif Muna
Trog
Vehumet
Wu Jian
Xom
Yredelemnul
Zin
The Shining One
Beogh
Jiyva
Lugonu

Annotations:
D Antaeus


Innate Abilities, Weirdness & Mutations

You reflexively headbutt those who attack you in melee.
You have a pair of horns on your head.


Message History

You kill the Brimstone Fiend!
Trog accepts your kill.
Your Throwing skill increases to level 14!
Your Dodging skill increases to level 16!
Unknown command.
You hit Antaeus but do no damage.
Antaeus is heavily wounded.
The ice encasing you melts away.
Antaeus sneers, "Abandon hope, thou horrid clapper-clawed cross-patch!"
You block Antaeus's attack. Antaeus hits you but does no damage.
You hit Antaeus but do no damage. You headbutt Antaeus, but do no damage.
Antaeus is heavily wounded.
You slice Antaeus!! You burn Antaeus!!
Antaeus is heavily wounded.
You are no longer berserk.
You are exhausted.
You feel yourself slow down. Antaeus hits you!!!
* * * LOW HITPOINT WARNING * * *
Antaeus freezes you!!!
You die...

###.####)#'..##.###
#)#
'1##)##†#[##..'##.#
#)#
#(##)#####'#..#'####.#
#.##'##.#)##).##.##'#
##§#..'####'#..'###.#
#[#&##.#.#.###..###'#
####§&###§##.##..##.#
#.#.##§&&.###)#C.##'#
##'#.[#####[##@.###.#
#.#'##)[#.##').## #'#
###.#.####'#..)## #.#
######.##..##.###'#
#.##'..#'##'##)##
##'#..'##.#.#...#
##..##)###'')[.#
####### ####)## #)#


You could see Antaeus (poisoned).

Vanquished Creatures
  Dissolution (D)
  Mnoleg (D)
  2 ancient liches (D)
  2 royal mummies (D)
  3 golden dragons (D)
  2 pearl dragons (D)
  2 Tzitzimimeh (D)
  An electric golem (D)
  4 pandemonium lords (D)
  2 Ice Fiends (D)
  3 Brimstone Fiends (D)
  A hellephant (D)
  4 titans (D)
  A deep elf master archer (D)
  A deep elf blademaster (D)
  A Hell Sentinel (D)
  A death cob (D)
  2 Executioners (D)
  2 storm dragons (D)
  A shadow dragon (D)
  2 draconian knights (D)
  A daeva (D)
  2 ghost moths (D)
  A balrug (D)
  Louise (D)
  An apis (D)
  A war gargoyle (D)
  2 deep elf annihilators (D)
  Nessos (D)
  A minotaur (D)
  A deep elf demonologist (D)
  A red draconian (D)
  An ettin (D)
  2 blizzard demons (D)
  A death ooze (D)
  A mummy priest (D)
  A great orb of eyes (D)
  A naga warrior (D)
  A hydra (D)
  A merfolk avatar (D)
  2 anacondas (D)
  A death knight (D)
  A death yak (D)
  A spriggan berserker (D)
  2 spriggans (D)
  A sun demon (D)
  A sixfirhy (D)
  A cherub (D)
  A sea snake (D)
  A deep troll (D)
  A swamp dragon (D)
  2 flayed ghosts (D)
  5 orc knights (D)
  A phantasmal warrior (D)
  A manticore (D)
  An elephant (D)
  Maurice (D)
  A smoke demon (D)
  A black mamba (D)
  An orange demon (D)
  A rime drake (D)
  A freezing wraith (D)
  A kobold demonologist (D)
  5 yaktaurs (D)
  2 efreet (D)
  A demonic crawler (D)
  A guardian mummy (D)
  A troll (D)
  A hellwing (D)
  2 polar bears (D)
  A tyrant leech (D)
  A wandering mushroom (D)
  3 hornets (D)
  2 small abominations (D)
  4 dream sheep (D)
  A flying skull (D)
  5 redbacks (D)
  2 shadows (D)
  A fire bat (D)
  2 steam dragons (D)
  6 yaks (D)
  A golden eye (D)
  Grum (D)
  3 wargs (D)
  A floating eye (D)
  A swamp drake (D)
  An eye of draining (D)
  A black bear (D)
  A necrophage (D)
  2 wolves (D)
  2 centaurs (D)
  3 phantoms (D)
  2 gnoll sergeants (D)
  2 scorpions (D)
  8 killer bees (D)
  An orc priest (D)
  2 orc wizards (D)
  A mummy (D)
  4 gnolls (D)
  2 adders (D)
  A river rat (D)
  3 ufetubi (D)
  An ooze (D)
  An adder zombie (D)
  An adder skeleton (D)
  An adder simulacrum (D)
  8 orcs (D)
  A bat zombie (D)
  2 giant cockroaches (D)
  A goblin (D)
  A hobgoblin (D)
  2 bats (D)
  A rat (D)
195 creatures vanquished.

Vanquished Creatures (collateral kills)
  Saint Roka (D)
  An orc warlord (D)
  A blizzard demon (D)
  2 yaktaur captains (D)
  A vault guard (D)
  A hydra (D)
  An alligator snapping turtle (D)
  A two-headed ogre (D)
  A deep elf knight (D)
  A spriggan berserker (D)
  6 orc knights (D)
  An ugly thing (D)
  2 yaktaurs (D)
  A redback (D)
21 creatures vanquished.

Vanquished Creatures (others)
  An orc warlord (D)
  A death ooze (D)
  A deep elf knight (D)
  An orc knight (D)
  A yaktaur (D)
  A gnoll (D)
  An ufetubus (D)
7 creatures vanquished.

Grand Total: 223 creatures vanquished

Notes
Turn   | Place    | Note
-------+----------+-------------------------------------------
     0 | D        | mhtbhm the Minotaur Fighter began the quest for the Orb.
     0 | D        | Reached XP level 1. HP: 19/19 MP: 0/0
   146 | D        | Found a bloodstained altar of Trog.
   146 | D        | Found a shimmering blue altar of Sif Muna.
   146 | D        | Found a viscous altar of Jiyva.
   146 | D        | Found a hazy altar of Hepliaklqana.
   146 | D        | Found an opulent altar of Gozag.
   147 | D        | Found a glowing golden altar of the Shining One.
   147 | D        | Found a glowing silver altar of Zin.
   147 | D        | Found a basalt altar of Yredelemnul.
   147 | D        | Found a shimmering altar of Xom.
   147 | D        | Found an ornate altar of the Wu Jian Council.
   147 | D        | Found a sacrificial altar of Ru.
   147 | D        | Found a stormy altar of Qazlal.
   147 | D        | Found an iron altar of Okawaru.
   147 | D        | Found a sparkling altar of Nemelex Xobeh.
   147 | D        | Found a burning altar of Makhleb.
   147 | D        | Found a blossoming altar of Fedhas.
   147 | D        | Found a white marble altar of Elyvilon.
   147 | D        | Found a shadowy altar of Dithmenos.
   147 | D        | Found a snail-covered altar of Cheibriados.
   149 | D        | Found a radiant altar of Vehumet.
   149 | D        | Found a corrupted altar of Lugonu.
   149 | D        | Found a roughly hewn altar of Beogh.
   151 | D        | Became a worshipper of Trog the Wrathful
   195 | D        | Reached * piety under Trog
   201 | D        | Reached XP level 2. HP: 28/28 MP: 1/1
   201 | D        | Noticed a black bear
   206 | D        | Reached ** piety under Trog
   207 | D        | Reached skill level 5 in Fighting
   207 | D        | Reached skill level 5 in Armour
   207 | D        | Reached skill level 5 in Shields
   214 | D        | Killed a black bear
   215 | D        | Reached skill level 1 in Dodging
   215 | D        | Reached XP level 3. HP: 25/38 MP: 2/2
   215 | D        | Reached XP level 4. HP: 30/45 MP: 3/3
   220 | D        | Noticed a floating eye
   222 | D        | Killed a floating eye
   223 | D        | Reached skill level 5 in Axes
   223 | D        | Reached XP level 5. HP: 37/53 MP: 4/4
   321 | D        | Noticed a necrophage
   321 | D        | Noticed a phantom
   330 | D        | Reached *** piety under Trog
   336 | D        | Reached **** piety under Trog
   342 | D        | Killed a necrophage
   343 | D        | Reached XP level 6. HP: 63/63 MP: 5/5
   352 | D        | Reached ***** piety under Trog
   353 | D        | Reached skill level 10 in Shields
   378 | D        | Received a gift from Trog
   379 | D        | Reached skill level 10 in Armour
   381 | D        | Noticed Grum
   390 | D        | Killed Grum
   391 | D        | Reached skill level 10 in Fighting
   391 | D        | Reached XP level 7. HP: 65/72 MP: 6/6
   444 | D        | Noticed a steam dragon
   444 | D        | Noticed a fire bat
   452 | D        | Killed a fire bat
   453 | D        | Killed a steam dragon
   734 | D        | Noticed a smoke demon
   735 | D        | Noticed a rime drake
   742 | D        | Killed a smoke demon
   743 | D        | Reached skill level 10 in Axes
   743 | D        | Reached XP level 8. HP: 69/82 MP: 7/7
   749 | D        | Killed a rime drake
   997 | D        | Noticed an efreet
   997 | D        | Noticed a yaktaur
   997 | D        | Noticed a yaktaur
   997 | D        | Noticed a yaktaur
  1003 | D        | Killed a yaktaur
  1003 | D        | Received a gift from Trog
  1004 | D        | Killed a yaktaur
  1004 | D        | Killed a yaktaur
  1005 | D        | Reached XP level 9. HP: 90/90 MP: 8/8
  1010 | D        | Killed an efreet
  1226 | D        | Got a translucent executioner's axe {god gift}
  1227 | D        | Identified the +2 executioner's axe of Noiwitt {vorpal,
                  | Stlth+} (Trog gifted it to you in the Dungeon)
  1263 | D        | Killed a ghost moth
  1264 | D        | Reached XP level 10. HP: 38/101 MP: 1/9
  1498 | D        | Noticed a deep elf demonologist
  1505 | D        | Noticed a reaper
  1508 | D        | Killed a deep elf demonologist
  1508 | D        | Reached ****** piety under Trog
  1508 | D        | Received a gift from Trog
  1509 | D        | Reached skill level 15 in Axes
  1654 | D        | Noticed a manticore
  1654 | D        | Noticed a sixfirhy
  1654 | D        | Noticed a black mamba
  1661 | D        | Killed a manticore
  1665 | D        | Killed a sixfirhy
  1668 | D        | Killed a black mamba
  1854 | D        | Received a gift from Trog
  1868 | D        | Received a gift from Trog
  1869 | D        | Reached skill level 5 in Dodging
  1869 | D        | Reached XP level 11. HP: 89/111 MP: 10/10
  1873 | D        | Reached skill level 15 in Shields
  1875 | D        | Received a gift from Trog
  2096 | D        | Reached skill level 15 in Fighting
  2168 | D        | Reached skill level 15 in Armour
  2176 | D        | Noticed an eight-headed hydra
  2184 | D        | Killed a ten-headed hydra
  2184 | D        | Received a gift from Trog
  2187 | D        | Noticed an eight-headed hydra
  2189 | D        | Noticed Maurice
  2191 | D        | Killed an eight-headed hydra
  2194 | D        | Noticed a two-headed ogre
  2194 | D        | Noticed an alligator snapping turtle
  2198 | D        | Killed an alligator snapping turtle
  2201 | D        | Killed a two-headed ogre
  2208 | D        | Killed Maurice
  2209 | D        | Reached skill level 1 in Stealth
  2503 | D        | Noticed a sea snake
  2510 | D        | Killed a sea snake
  2521 | D        | Received a gift from Trog
  2587 | D        | Noticed a phantasmal warrior
  2587 | D        | Noticed a flayed ghost
  2593 | D        | Killed a phantasmal warrior
  2595 | D        | Noticed a great orb of eyes
  2598 | D        | Received a gift from Trog
  2612 | D        | Killed a great orb of eyes
  2614 | D        | Reached XP level 12. HP: 20/124 MP: 11/11
  2614 | D        | HP: 5/186 [flayed ghost (16)]
  2949 | D        | Got the +9 dire flail "Zippaot" {vamp, rC+ Str+9}
  3076 | D        | Noticed a titan
  3082 | D        | Killed a titan
  3082 | D        | Received a gift from Trog
  3122 | D        | Noticed a deep elf annihilator
  3128 | D        | Killed a deep elf annihilator
  3282 | D        | Noticed a royal mummy
  3292 | D        | Killed a royal mummy
  3555 | D        | Noticed a titan
  3563 | D        | Killed a titan
  3563 | D        | Received a gift from Trog
  3681 | D        | Noticed a death cob
  3681 | D        | Noticed a death knight
  3681 | D        | Noticed a ghost moth
  3681 | D        | Noticed a blizzard demon
  3681 | D        | Noticed an anaconda
  3681 | D        | Noticed a merfolk avatar
  3687 | D        | Killed a death cob
  3693 | D        | Killed a ghost moth
  3694 | D        | Reached XP level 13. HP: 117/136 MP: 1/12
  3698 | D        | HP: 8/204 [blizzard demon (14)]
  3700 | D        | Killed a blizzard demon
  3707 | D        | Received a gift from Trog
  4157 | D        | Got the ring of Sashriba {Ice Str+4}
  4222 | D        | Noticed a storm dragon
  4232 | D        | Killed a storm dragon
  4419 | D        | Noticed a daeva
  4419 | D        | Noticed a minotaur
  4451 | D        | Killed a daeva
  4451 | D        | Received a gift from Trog
  4465 | D        | Received a gift from Trog
  4468 | D        | Killed a minotaur
  4468 | D        | Noticed Nessos
  4471 | D        | Killed Nessos
  4481 | D        | Received a gift from Trog
  4481 | D        | Noticed Saint Roka
  4490 | D        | Killed Saint Roka
  4499 | D        | Received a gift from Trog
  4885 | D        | Noticed an orc warlord
  4885 | D        | Noticed an orc warlord
  4896 | D        | Received a gift from Trog
  4903 | D        | Noticed a deep elf blademaster
  4903 | D        | Killed an orc warlord
  4904 | D        | Noticed a blizzard demon
  4907 | D        | Reached XP level 14. HP: 146/151 MP: 13/13
  4911 | D        | Received a gift from Trog
  4912 | D        | Killed an orc warlord
  4913 | D        | Reached skill level 5 in Stealth
  4925 | D        | Killed a deep elf blademaster
  4937 | D        | Received a gift from Trog
  5260 | D        | Noticed a deep elf master archer
  5265 | D        | Killed a deep elf master archer
  5278 | D        | Received a gift from Trog
  5301 | D        | Received a gift from Trog
  5323 | D        | Noticed Duox the pandemonium lord
  5338 | D        | Killed Duox the pandemonium lord
  5386 | D        | Noticed a Brimstone Fiend
  5392 | D        | Killed a Brimstone Fiend
  5393 | D        | Reached skill level 10 in Stealth
  5393 | D        | Reached skill level 1 in Evocations
  5600 | D        | Noticed an apis
  5608 | D        | Killed an apis
  5610 | D        | Noticed a hellephant
  5623 | D        | Killed a hellephant
  5885 | D        | Received a gift from Trog
  6121 | D        | Noticed a titan
  6131 | D        | Killed a titan
  6251 | D        | Noticed a Tzitzimitl
  6251 | D        | Noticed a war gargoyle
  6261 | D        | Killed a war gargoyle
  6265 | D        | Killed a Tzitzimitl
  6265 | D        | Received a gift from Trog
  6316 | D        | Noticed an ancient lich
  6328 | D        | Killed an ancient lich
  6329 | D        | Reached XP level 15. HP: 163/163 MP: 14/14
  6430 | D        | Noticed Louise
  6443 | D        | Killed Louise
  6547 | D        | Noticed a golden dragon
  6553 | D        | Killed a golden dragon
  6649 | D        | Noticed a golden dragon
  6656 | D        | Killed a golden dragon
  6805 | D        | Received a gift from Trog
  6807 | D        | Noticed Liwaetaf the pandemonium lord
  6814 | D        | Killed Liwaetaf the pandemonium lord
  6869 | D        | Noticed an Ice Fiend
  6877 | D        | Killed an Ice Fiend
  7195 | D        | Noticed a golden dragon
  7197 | D        | Killed a golden dragon
  7198 | D        | Reached skill level 10 in Dodging
  7200 | D        | Noticed a titan
  7208 | D        | Killed a titan
  7208 | D        | Received a gift from Trog
  7289 | D        | Noticed Dissolution
  7297 | D        | Killed Dissolution
  7298 | D        | Reached skill level 27 in Axes
  7340 | D        | Noticed an ancient lich
  7350 | D        | Killed an ancient lich
  7351 | D        | Reached XP level 16. HP: 180/180 MP: 15/15
  7585 | D        | Noticed a pearl dragon
  7585 | D        | Noticed an Executioner
  7593 | D        | Killed an Executioner
  7593 | D        | Received a gift from Trog
  7593 | D        | Noticed a storm dragon
  7600 | D        | Killed a storm dragon
  7602 | D        | Killed a pearl dragon
  7603 | D        | Reached skill level 27 in Shields
  7739 | D        | Noticed an Ice Fiend
  7748 | D        | Killed an Ice Fiend
  7749 | D        | Reached skill level 27 in Fighting
  8053 | D        | Noticed Kofiss the pandemonium lord
  8054 | D        | Noticed an Executioner
  8061 | D        | Killed an Executioner
  8067 | D        | Killed Kofiss the pandemonium lord
  8217 | D        | Noticed a Hell Sentinel
  8231 | D        | Killed a Hell Sentinel
  8352 | D        | Noticed an electric golem
  8365 | D        | Killed an electric golem
  8409 | D        | Noticed Mnoleg
  8423 | D        | Received a gift from Trog
  8432 | D        | Noticed a shadow dragon
  8443 | D        | Killed a shadow dragon
  8459 | D        | Killed Mnoleg
  8461 | D        | Noticed Vibutz the pandemonium lord
  8461 | D        | Noticed Weus the pandemonium lord
  8468 | D        | Noticed a Brimstone Fiend
  8755 | D        | Killed Vibutz the pandemonium lord
  8757 | D        | Noticed a royal mummy
  8761 | D        | HP: 5/183 [white draconian knight/bolt of cold (49)]
  8767 | D        | Noticed a Brimstone Fiend
  8775 | D        | Reached skill level 10 in Throwing
  8791 | D        | Killed a royal mummy
  8791 | D        | Received a gift from Trog
  8792 | D        | Reached skill level 15 in Dodging
  8794 | D        | Killed a Brimstone Fiend
  8821 | D        | Noticed a pearl dragon
  9127 | D        | Killed a pearl dragon
  9128 | D        | Reached XP level 17. HP: 115/191 MP: 16/16
  9293 | D        | Noticed a Tzitzimitl
  9313 | D        | Killed a Tzitzimitl
  9314 | D        | Reached skill level 27 in Armour
  9698 | D        | Noticed Antaeus
  9719 | D        | Killed a Brimstone Fiend
  9722 | D        | Mangled by Antaeus

Illustrated notes

Levels and vault maps discovered:
D:        pitsprint [storerooms_1, entrance_room_1, metal_vault_3, armoury_1,
          mini_pit_1, grid_room_1, main_hall_1, silver_pit, the_coven_2,
          the_vestibule_1, steel_vault_3, golden_pit, hallway_of_sentries,
          crystal_vault_5, iron_vault_5, final_vault]

Skill      XL: |  1  2  3  4  5  6  7  8  9 10 11 12 13 14 15 16 17 |
---------------+----------------------------------------------------+-----
Fighting       | 4 6 8 9 10 11 12 13 14 16 18 21 23 25 27 | 27.0
Armour         | 4 7 8 9 10 11 12 13 14 15 17 19 20 21 26 27 | 27.0
Shields        | 4 7 8 9 10 12 13 14 16 17 19 22 26 27 | 27.0
Axes           | 4 5 7 10 12 14 17 20 22 24 25 27 | 27.0
Dodging        | 1 2 3 4 5 6 7 8 10 15 16 | 16.2
Stealth        | 1 2 4 11 | 11.9
Evocations     | 1 |  1.1
Throwing       | 12 14 | 14.0

Action                   |  1- 3 |  4- 6 |  7- 9 | 10-12 | 13-15 | 16-18 || total
-------------------------+-------+-------+-------+-------+-------+-------++-------
Melee: Hand axe          |    17 |    41 |    21 |       |       |       ||    79
       War axe           |     2 |       |       |       |       |       ||     2
       Headbutt          |     4 |     8 |    12 |    30 |    83 |    47 ||   184
       Broad axe         |       |       |    31 |   155 |   315 |   182 ||   683
Throw: Javelin           |       |       |       |       |       |     6 ||     6
       Dart              |       |       |       |       |       |     2 ||     2
Invok: Berserk           |       |     1 |     3 |    10 |    10 |    10 ||    34
       Brothers in Arms  |       |       |       |     1 |     6 |     1 ||     8
       Trog's Hand       |       |       |       |       |     2 |     1 ||     3
Evoke: Box of beasts     |       |       |       |       |     1 |       ||     1
  Use: Potion            |       |       |     2 |     1 |     7 |    11 ||    21
       Scroll            |       |       |       |       |     4 |     3 ||     7
 Stab: Distracted        |       |       |       |     1 |     1 |       ||     2
       Invisible         |       |       |       |       |    17 |       ||    17
       Sleeping          |       |       |       |       |     5 |     1 ||     6
Armor: Scale mail        |    14 |       |       |       |       |       ||    14
       Chain mail        |       |    13 |    53 |    78 |     4 |       ||   148
       Storm dragon scal |       |       |       |       |    59 |    51 ||   110
Dodge: Dodged            |    15 |     8 |    18 |    49 |    43 |    46 ||   179
Block: Kite shield       |    16 |    20 |    34 |    95 |    28 |       ||   193
       Tower shield      |       |       |       |       |   150 |   175 ||   325

Table legend: (Time is in decaauts)
 A = Elapsed time spent in this place.
 B = Non-inter-level travel time spent in this place.
 C = Inter-level travel time spent in this place.
 D = Time resting spent in this place.
 E = Time spent auto-exploring this place.
 F = Levels seen in this place.
 G = Mean time per level.
                   A        B        C        D        E       F      G
               +--------+--------+--------+--------+--------+-----+--------+
         Total |   9848 |   9848 |      0 |   7217 |      0 |   1 | 9848.0 |
       Dungeon |   9848 |   9848 |      0 |   7217 |      0 |   1 | 9848.0 |
               +--------+--------+--------+--------+--------+-----+--------+

Top non-repeatable levels by time:
       D: 9848 daAuts
